 Dungeon Crawl Stone Soup version 0.28-a0-724-g66f9036eb4 (webtiles) character file.

Game seed: 9212077757897067122

455 CryptKilla the Skirmisher (level 6, -4/53 HPs)
             Began as a Draconian Cinder Acolyte on Oct 26, 2021.
             Was a Follower of Ignis.
             Slain by an orc warrior (9 damage)
             ... on level 4 of the Dungeon.
             The game lasted 00:12:19 (6713 turns).

CryptKilla the Skirmisher (DrCA)                    Turns: 6713, Time: 00:12:19

Health: -4/53      AC:  6    Str: 18    XL:     6   Next: 76%
Magic:  8/8        EV: 12    Int: 14    God:    Ignis [*.....]
Gold:   165        SH:  0    Dex:  7    Spells: 2/8 levels left

rFire   + . .      SeeInvis .   c - +1 dagger (venom)
rCold   . . .      Faith    .   (no shield)
rNeg    . . .      Spirit   .   (armour unavailable)
rPois   .          Reflect  .   (helmet restricted)
rElec   .          Harm     .   (no cloak)
rCorr   .          Rampage  .   (no gloves)
Will    .....                   (no boots)
Stlth   +.........              (no amulet)
HPRegen 0.17/turn               (no ring)
MPRegen 0.11/turn               (no ring)

@: no status effects
A: AC +6, unfitting armour, cold-blooded
a: Renounce Religion, Sea of Fire, Foxfire Swarm


You were on level 4 of the Dungeon.
You worshipped Ignis.
Ignis was aware of your devotion.
You visited 1 branch of the dungeon, and saw 5 of its levels.

You collected 165 gold pieces.

Inventory:

Hand Weapons
 a - a -1 falchion of flaming
 c - a +1 dagger of venom (weapon)
Jewellery
 b - a ring of magical power
Wands
 l - a wand of paralysis (8)
Scrolls
 e - 5 scrolls of identify {unknown}
 f - 4 scrolls of enchant armour {unknown}
 g - a scroll of brand weapon {unknown}
 h - a scroll of fear {unknown}
 k - a scroll of enchant weapon {unknown}
 n - a scroll of teleportation {unknown}
Potions
 d - 3 potions of curing {unknown}
 i - a potion of lignification {unknown}
 j - a potion of brilliance {unknown}
 m - a potion of heal wounds {unknown}


   Skills:
 + Level 4.4 Fighting
 + Level 3.3(4.1) Short Blades
 + Level 3.6(4.3) Long Blades
 + Level 3.0 Dodging
 + Level 1.4 Stealth
 + Level 1.6 Spellcasting
 + Level 0.8 Translocations
 + Level 3.6 Fire Magic


You had 2 spell levels left.
You knew the following spells:

 Your Spells              Type           Power      Damage    Failure   Level
a - Apportation           Tloc           6%         N/A       19%         1
b - Ensorcelled Hibernat  Hex/Ice        2%         N/A       36%         2
c - Animate Skeleton      Necr           2%         N/A       26%         1
d - Scorch                Fire           22%        2d6       9%          2

Your spell library contained the following spells:

 Spells                   Type           Power      Damage    Failure   Level
 Summon Small Mammal      Summ           4%         N/A       26%         1
 Spider Form              Tmut/Pois      0%         N/A       58%         3


Dungeon Overview and Level Annotations

Branches:
Dungeon (4/15)
 Temple: D:4-7

Altars:
Xom

Shops:
D:2 ((


Innate Abilities, Weirdness & Mutations

Your plain brown scales are hard. (AC +6)
You cannot fit into any form of body armour.
You are cold-blooded and may be slowed by cold attacks.


Message History

The hobgoblin is severely wounded.
The hobgoblin closely misses you.
You hit the hobgoblin but do no damage.
The hobgoblin looks as sick as possible!
The hobgoblin is severely wounded.
You kill the hobgoblin!
The orc wizard gestures wildly while chanting.
The orc wizard flickers and vanishes!
Deactivating autopickup; reactivate with Ctrl-A.
The orc warrior misses you.
The orc warrior hits you with a +0 halberd.
You see here a hobgoblin corpse.
You closely miss the orc warrior. The orc warrior barely misses you.
You hit the orc warrior but do no damage.
The orc warrior is poisoned.
The orc warrior hits you with a +0 halberd!
* * * LOW HITPOINT WARNING * * *
You hit the orc warrior but do no damage.
The orc wizard casts a spell.
The orc wizard flickers and vanishes!
The orc warrior hits you with a +0 halberd!
* * * LOW HITPOINT WARNING * * *
You hit the orc warrior.
The orc warrior looks as sick as possible!
Your tail-slap misses the orc warrior.
The orc warrior is lightly wounded.
You hit the orc warrior.
The orc warrior looks as sick as possible!
The orc warrior is lightly wounded.
The orc warrior barely misses you.
You hit the orc warrior but do no damage.
The orc warrior looks as sick as possible!
Your tail-slap misses the orc warrior.
The orc warrior is lightly wounded.
The orc warrior completely misses you.
You hit the orc warrior.
The orc warrior looks as sick as possible!
The orc warrior is heavily wounded.
The orc warrior hits you with a +0 halberd!
You die...

###### #§○§☼# #☼§§.#
#°§○§###### #○○§°§....#
#§○§§####☼#
...#.##§.§☼○☼☼☼§########
...§☼{○.o@.§§.§○........
.
....o######○°§.#☼.#####
# .... ###.#☼#§#.# ...
......§☼.)# ..
..#.#.#.#.# o
##........# ##.#.#.###
#.......# ###.#.#.##


You could see an orc warrior (extremely poisoned) and an orc.

Vanquished Creatures
  Eustachio (D:5)
  A scorpion (D:5)
  A bullfrog zombie (D:5)
  An orc priest (D:3)
  An iguana (D:5)
  An orc wizard (D:4)
  A hound zombie (D:5)
  2 adders
  4 dart slugs
  7 orcs
  3 ball pythons
  7 endoplasms
  6 giant cockroaches
  14 goblins
  16 hobgoblins
  5 jackals
  3 kobolds
  3 quokkas
  7 bats
  3 frilled lizards (D:1)
  6 rats
93 creatures vanquished.

Vanquished Creatures (others)
  8 foxfires (D:5)
  4 plants (D:3)
12 creatures vanquished.

Grand Total: 105 creatures vanquished

Notes
Turn   | Place    | Note
-------+----------+-------------------------------------------
     0 | D:1      | CryptKilla the Draconian Cinder Acolyte began the quest for
                  | the Orb.
     0 | D:1      | Reached XP level 1. HP: 19/19 MP: 2/2
   320 | D:1      | Reached XP level 2. HP: 26/26 MP: 3/3
   375 | D:1      | Learned a level 1 spell: Apportation
   862 | D:1      | Reached XP level 3. HP: 31/31 MP: 4/4
  1424 | D:2      | Found a faded altar of an unknown god.
  1512 | D:2      | Found a shimmering altar of Xom.
  1636 | D:2      | Learned a level 2 spell: Ensorcelled Hibernation
  1690 | D:2      | Learned a level 1 spell: Animate Skeleton
  1709 | D:2      | Reached skill level 1 in Dodging
  2185 | D:2      | Found Unukhlolas's Antique Weapon Boutique.
  2197 | D:2      | Reached XP level 4. HP: 37/40 MP: 5/5
  2566 | D:2      | Found Dastigg's Antique Weapon Shop.
  3753 | D:3      | Reached skill level 1 in Short Blades
  3761 | D:3      | Reached skill level 4 in Fighting
  4323 | D:3      | Reached XP level 5. HP: 44/46 MP: 6/6
  4995 | D:4      | Noticed an orc warrior
  5888 | D:3      | You fall into a shaft and drop 2 floors!
  5888 | D:5      | Entered Level 5 of the Dungeon
  5895 | D:5      | Reached skill level 1 in Stealth
  5903 | D:5      | Reached XP level 6. HP: 16/52 MP: 6/8
  6136 | D:5      | Learned a level 2 spell: Scorch
  6136 | D:5      | Noticed Eustachio
  6170 | D:5      | Killed Eustachio
  6713 | D:4      | Slain by an orc warrior

Illustrated notes

Levels and vault maps discovered:
D:1:      shiori_shiawase, layout_basic, minmay_split_cup_large
D:2:      layout_loops_ring, hellmonk_ecumenical_altar_crossroads, serial_shops,
          shop_fountains, nicolae_shop_behind_doors, basic_altar,
          minmay_goblin_outpost
D:3:      layout_loops_corners, serial_bayou_pond_b
D:4:      layout_basic, st_stairs_12, corexii_leaking_fountain,
          kennysheep_big_empty_room
D:5:      layout_basic, uniq_eustachio

Skill      XL: |  1  2  3  4  5  6 |
---------------+-------------------+-----
Dodging        | 1 2 3 |  3.0
Short Blades   | 1 2 3 |  3.3
Fighting       | 4 |  4.4
Stealth        | 1 |  1.4
Long Blades    | |  3.6
Spellcasting   | |  1.6
Translocations | |  0.8
Fire Magic     | |  3.6

Action                   |  1- 3 |  4- 6 || total
-------------------------+-------+-------++-------
Melee: Falchion          |    10 |       ||    10
       Dagger            |   113 |   189 ||   302
       Tailslap          |    14 |    21 ||    35
 Cast: Apportation       |     3 |     1 ||     4
       Scorch            |       |     5 ||     5
Invok: Sea of Fire       |     1 |     4 ||     5
       Foxfire Swarm     |     1 |     1 ||     2
       Rising Flame      |       |     2 ||     2
Evoke: Wand              |       |     1 ||     1
Armor: Skin              |    52 |    56 ||   108
Dodge: Dodged            |    85 |   109 ||   194

Table legend: (Time is in decaauts)
 A = Elapsed time spent in this place.
 B = Non-inter-level travel time spent in this place.
 C = Inter-level travel time spent in this place.
 D = Time resting spent in this place.
 E = Time spent auto-exploring this place.
 F = Levels seen in this place.
 G = Mean time per level.
                   A        B        C        D        E       F      G
               +--------+--------+--------+--------+--------+-----+--------+
         Total |   6688 |   6503 |    185 |   2937 |   2261 |   5 | 1337.6 |
       Dungeon |   6688 |   6503 |    185 |   2937 |   2261 |   5 | 1337.6 |
               +--------+--------+--------+--------+--------+-----+--------+

Top non-repeatable levels by time:
     D:3: 2480 daAuts
     D:2: 2075 daAuts
     D:1: 1267 daAuts
     D:4: 585 daAuts
     D:5: 280 daAuts
